 Dungeon Crawl Stone Soup version 0.22-a0-587-g7d32d7c (webtiles) character file.

16 sking99 the Skirmisher (level 2, 0/27 HPs)
             Began as a Minotaur Fighter on July 4, 2018.
             Slain by a gnoll
             ... wielding a +0 spear
              (3 damage)
             ... on level 1 of the Dungeon.
             The game lasted 00:00:50 (142 turns).

sking99 the Skirmisher (Minotaur Fighter)            Turns: 142, Time: 00:00:50

Health: 0/27       AC:  6    Str: 20    XL:     2   Next: 37%
Magic:  1/1        EV:  7    Int:  5    God:
Gold:   0          SH:  9    Dex:  9    Spells: 1/1 levels left

rFire    . . .     SeeInvis .   a - +0 flail
rCold    . . .     Gourm    .   c - +0 shield
rNeg     . . .     Faith    .   b - +0 scale mail
rPois    .         Spirit   .   (helmet restricted)
rElec    .         Reflect  .   (no cloak)
rCorr    .         Harm     .   (no gloves)
MR       .....                  (no boots)
Stlth    ..........             (no amulet)
HPRegen  0.09/turn              (no ring)
MPRegen  0.07/turn              (no ring)

@: no status effects
A: retaliatory headbutt, horns 2
a: no special abilities


You were on level 1 of the Dungeon.
You were not hungry.

You visited 1 branch of the dungeon, and saw 1 of its levels.

Inventory:

Hand Weapons
 a - a +0 flail (weapon)
Armour
 b - a +0 scale mail (worn)
 c - a +0 shield (worn)
Scrolls
 e - a scroll of remove curse {unknown}
Potions
 d - a potion of might
Comestibles
 f - a ration
 g - 3 chunks of flesh


   Skills:
 + Level 4.0 Fighting
 * Level 3.4 Maces & Flails
 - Level 3.6 Armour
 - Level 3.6 Shields


You had one spell level left.
You didn't know any spells.
Your spell library was empty.

Dungeon Overview and Level Annotations

Branches:
Dungeon (1/15)

Altars:


Innate Abilities, Weirdness & Mutations

You reflexively headbutt those who attack you in melee.
You have a pair of horns on your head.


Message History

You block the bat's attack.
You closely miss the bat. Your headbutt misses the bat.
You block the bat's attack. The bat barely misses you.
The gnoll hits you from afar with a spear.
* * * LOW HITPOINT WARNING * * *
The bat hits you but does no damage.
You thump the bat!
You kill the bat!
You block the gnoll's attack. The gnoll hits you but does no damage.
Things that are here:
a bat corpse; a giant cockroach corpse; a hobgoblin corpse You barely miss the gnoll.
You headbutt the gnoll.
The gnoll is moderately wounded.
You block the gnoll's attack. The gnoll hits you with a spear.
* * * LOW HITPOINT WARNING * * *
You barely miss the gnoll.
The gnoll is moderately wounded.
The gnoll hits you with a spear.
You die...

. ....#####.## .# #.
..........##.###. #.#
#...............
#..########..........#
>K...............# ..
#.#####.#.......# #.
#####...g.....##(#.## ##..
#......####.####)#.## ....##
#......Kg@.)...(....##
......##......###########...#
.......#.$....# PPPP♣#...# ♣
.............##
PPPP.#...#♣♣P♣
.....†)........#


PPP♣P#...#PPPP ..............## ♣PP♣#...#♣PPP ...............# ♣.P.#...#PPP.
.............### ♣P♣P♣#...#PP.♣ ..?..........# PPPP♣#...#♣P.P You could see a
gnoll and a kobold.

Vanquished Creatures
  An ooze (D:1)
  A bat (D:1)
  A giant cockroach (D:1)
  2 goblins (D:1)
  A hobgoblin (D:1)
  2 kobolds (D:1)
  2 frilled lizards (D:1)
10 creatures vanquished.

Notes
Turn   | Place    | Note
-------+----------+-------------------------------------------
     0 | D:1      | sking99 the Minotaur Fighter began the quest for the Orb.
     0 | D:1      | Reached XP level 1. HP: 19/19 MP: 0/0
    19 | D:1      | Reached XP level 2. HP: 27/27 MP: 1/1
    66 | D:1      | Reached skill level 4 in Fighting
   142 | D:1      | Slain by a gnoll

Vault maps used:
D:1:      minmay_arrival_arboretum_large

Skill      XL: |  1  2 |
---------------+-------+-----
Maces & Flails | 3 |  3.4
Fighting       | 4 |  4.0
Armour         | |  3.6
Shields        | |  3.6

Action                   || total
-------------------------++-------
Melee: Flail             ||    24
       Headbutt          ||     3
Armor: Scale mail        ||    17
Dodge: Dodged            ||    13
Block: Shield            ||    15

Table legend:
 A = Spawn XP
 B = Non-spawn XP
 C = Spawn XP percentage of total XP
 D = Spawn monster count
 E = Non-spawn monster count
 F = Spawn count percentage of total count
 G = Total turns spent on level
                    A         B        C        D         E        F      G
               +---------+---------+-------+---------+---------+-------+---------
         Total |       0 |      23 |   0.0 |       0 |      10 |   0.0 |   142
               +---------+---------+-------+---------+---------+-------+---------
           D:1 |       0 |      23 |   0.0 |       0 |      10 |   0.0 |   142
               +---------+---------+-------+---------+---------+-------+---------
